Description

The point of this build is to hit the 3rd with 2 base roach while droning up. Ideally you hit max supply at 10 minutes with roach/hydra and 4 vipers. Your army should be half roach, half hydralisk, with 4 vipers.

Replay - 2v2 ZZ 2 base roach into roach hydra viper

Build Order

Get SALT Encoding   

  6  0:00  Drone  
  13  0:08  Drone  
  14  0:14  Extractor, Drone  
  15  0:35  Hatchery  
  15  0:40  Extractor, Drone  
  15  0:46  Overlord  
  15  1:01  Spawning Pool  
  14  1:04  Drone x2  
  16  1:12  Drone x2  
  18  1:18  Extractor  
  17  1:27  Drone  
  18  1:36  Drone  
  19  1:49  Queen x2  
  24  1:56  Overlord  
  30  2:28  Lair  
  32  2:41  Overlord  
  33  2:46  Roach Warren  
  32  2:54  Evolution Chamber  
  39  3:10  Overlord  
  40  3:14  Extractor x2  
  40  3:21  Zerg Missile Weapons Level 1  
  44  3:39  Spore Crawler x2  In mineral line vs protoss. If no protoss, then 4:40 is fine.
  44  3:40  Glial Reconstitution  
  46  3:56  Hatchery  
  46  4:00  Overlord  
  46  4:02  Roach x2  
  47  4:08  Roach  
  52  4:26  Roach x3  
  52  4:29  Evolution Chamber  
  57  4:32  Roach  
  57  4:37  Queen  
  61  4:40  Roach  
  63  4:47  Roach x2  
  79  5:09  Zerg Ground Armor Level 1  Move out now as roach speed and +1 attack finish.
  79  5:14  Zerg Missile Weapons Level 2  
  90  5:38  Spore Crawler  
  91  5:47  Spine Crawler  
  98  6:01  Infestation Pit  
  98  6:03  Hydralisk Den  
  97  6:12  Hatchery  
  97  6:16  Extractor  
  100  6:26  Extractor x2  
  102  6:35  Muscular Augments  
  103  6:41  Hive  
  108  6:59  Queen  
  115  7:07  Zerg Ground Armor Level 2  
  123  7:16  Extractor x2  
  128  7:34  Hydralisk x6  
  136  7:39  Grooved Spines  
  136  7:42  Hydralisk x2  
  144  7:54  Spore Crawler  
  144  7:56  Spine Crawler  
  144  7:58  Hydralisk x2  
  161  8:07  Evolution Chamber x4  for vipers to consume
  157  8:17  Viper x4  shift-click to consume evo chambers, then follow a hydralisk.
  177  8:35  Queen  
  199  9:16  Hatchery  Spend extra minerals on macro hatcheries
  198  9:22  Hatchery  
  199  9:41  Hatchery  
Spawning Tool Build Advisor. Get it on Overwolf

Go to:

Details

  • Created by: flashandfoul
  • Published on: Mar 07, 2026
  • Modified on: Mar 07, 2026
  • Patch: 5.0.11
  • Difficulty: Hard
Show
View Real Time Build Order
Export as new Build Order

Comments (0)

There are no comments. Be the first!

Create an account to comment!